 Dungeon Sprint DCSS version 0.30-a0-965-g42e074c17a (webtiles) character file.

Game seed: 11361128493398941720

109 sircluck the Caller (level 4, -5/34 HPs)
             Began as a Hill Orc Summoner on Mar 31, 2023.
             Was an Initiate of Beogh.
             Killed from afar by an acid dragon (26 damage)
             ... with a splash of acid
             ... in the Dungeon (Sprint IX: "|||||||||||||||||||||||||||||").
             The game lasted 00:04:20 (708 turns).

sircluck the Caller (Hill Orc Summoner)              Turns: 708, Time: 00:04:21

Health: -5/34      AC:  0    Str: 10    XL:     4   Next: 90%
Magic:  10/10      EV: 14    Int: 17    God:    Beogh [......]
Gold:   0          SH:  0    Dex: 14    Spells: 10/11 levels left

rFire   . . .      SeeInvis .    k - +3 war axe (heavy)
rCold   . . .      Faith    .    (no shield)
rNeg    . . .      Spirit   .    a - +0 robe
rPois   .          Reflect  .    m - +0 helmet
rElec   .          Rampage  .    (no cloak)
rCorr   .          NoTele   +    l - +0 pair of gloves
Will    .....                    (no boots)
Stlth   ++                       (no amulet)
HPRegen 0.25/turn                o - +3 ring of dexterity
MPRegen 0.12/turn                p - +2 ring of evasion

@: corroded
A: no striking features
a: Renounce Religion


You were in the Dungeon.
You worshipped Beogh.
Beogh was noncommittal.
You visited 1 branch

Inventory:

Hand Weapons
 d - a +0 trident
 k - a +3 heavy war axe (weapon)
Armour
 a - a +0 robe (worn)
 l - a +0 pair of gloves (worn)
 m - a +0 helmet (worn)
 n - a +1 chain mail
Jewellery
 o - a +3 ring of dexterity (left hand)
 p - a +2 ring of evasion (right hand)
Wands
 j - a wand of acid (9)
Scrolls
 h - 2 scrolls of amnesia
Potions
 b - 2 potions of magic
 c - 5 potions of curing
 e - a potion of haste
 f - a potion of invisibility


   Skills:
 + Level 0.4 Fighting
 + Level 0.4 Axes
 + Level 2.7 Dodging
 + Level 2.1 Stealth
 + Level 1.7 Unarmed Combat
 + Level 4.1 Spellcasting
 + Level 7.7 Summonings


You had 10 spell levels left.
You knew the following spells:

 Your Spells              Type           Power      Damage    Failure   Level
a - Summon Small Mammal   Summ           100%       N/A       1%          1

Your spell library contained the following spells:

 Spells                   Type           Power      Damage    Failure   Level
 Call Imp                 Summ           29%        N/A       1%          2
 Call Canine Familiar     Summ           29%        N/A       1%          3
 Summon Guardian Golem    Hex/Summ       16%        N/A       10%         3
 Summon Lightning Spire   Summ/Air       16%        N/A       32%         4


Dungeon Overview and Level Annotations

Branches:
Dungeon (1/1)

Altars:
Cheibriados
Dithmenos
Elyvilon
Fedhas
Gozag
Hepliaklqana
Kikubaaqudgha
Makhleb
Nemelex Xobeh
Okawaru
Qazlal
Ru
Sif Muna
Trog
Uskayaw
Vehumet
Wu Jian
Xom
Yredelemnul
Zin
The Shining One
Beogh
Jiyva
Lugonu


Message History

The orc priest mumbles some strange prayers to Beogh against you.
Pain shoots through your body!
You barely miss the orc priest.
The orc priest is almost dead.
The orc priest closely misses you. The orc priest misses you.
You barely miss the orc priest.
The orc priest is almost dead.
Your quokka disappears in a puff of smoke!
The orc priest barely misses you.
The orc priest mumbles some strange prayers to Beogh against you.
Pain shoots through your body! The orc priest barely misses you.
You hit the orc priest.
You kill the orc priest!
Beogh accepts your kill.
Beogh appreciates your killing of a heretic priest.
The acid dragon bites you!
* * * LOW HITPOINT WARNING * * *
The acid dragon claws you.
* * * LOW HITPOINT WARNING * * *
Your Spellcasting skill increases to level 4!
Blink to where?
Press: ? - help, Q - select action, (/) - cycle Dir - move target
As you read the scroll of blinking, it crumbles to dust.
Magic courses through your body.
You feel much better. The acid dragon spits acid at you.
The splash of acid hits you!!
Ouch! That really hurt!
* * * LOW HITPOINT WARNING * * *
The acid corrodes you!
You feel much better.
Aiming: Corrosive Bolt
Press: ? - help, Q - select action, (/) - cycle Shift-Dir - straight line, f - acid dragon
Aim: an acid dragon (71% to hit)
The bolt of acid hits the acid dragon.
The acid dragon is lightly wounded.
The acid dragon spits acid at you. The splash of acid hits you!!
Ouch! That really hurt!
You die...

▓_▓
▓_▓
▓_▓
▓D▓
▓D▓
▓_▓
▓_▓
▓_▓
▓@▓
▓_▓
▓_▓
▓'▓
▓.▓
▓.▓
▓.▓
▓.▓
▓.▓


You could see a steam dragon and an acid dragon (catching breath).

Vanquished Creatures
  An orc priest (D)
  A jelly (D)
  An adder (D)
  An orc (D)
  A hobgoblin (D)
5 creatures vanquished.

Vanquished Creatures (collateral kills)
  An iguana (D)
  3 dart slugs (D)
  A goblin (D)
  A hobgoblin (D)
6 creatures vanquished.

Grand Total: 11 creatures vanquished

Notes
Turn   | Place    | Note
-------+----------+-------------------------------------------
     0 | D        | sircluck the Hill Orc Summoner began the quest for the Orb.
     0 | D        | Reached XP level 1. HP: 14/14 MP: 3/3
    23 | D        | Reached skill level 5 in Summonings
    29 | D        | Reached XP level 2. HP: 20/20 MP: 1/4
   273 | D        | Reached skill level 6 in Summonings
   273 | D        | Reached XP level 3. HP: 20/26 MP: 2/7
   284 | D        | Reached skill level 1 in Unarmed Combat
   284 | D        | Reached skill level 7 in Summonings
   284 | D        | Reached XP level 4. HP: 3/33 MP: 2/9
   567 | D        | Found a roughly hewn altar of Beogh.
   567 | D        | Found a snail-covered altar of Cheibriados.
   567 | D        | Found a shadowy altar of Dithmenos.
   567 | D        | Found a white marble altar of Elyvilon.
   567 | D        | Found a blossoming altar of Fedhas.
   567 | D        | Found an opulent altar of Gozag.
   568 | D        | Found a hazy altar of Hepliaklqana.
   569 | D        | Found a viscous altar of Jiyva.
   570 | D        | Became a worshipper of Beogh the Brigand
   571 | D        | Found an ancient bone altar of Kikubaaqudgha.
   572 | D        | Found a corrupted altar of Lugonu.
   573 | D        | Found a burning altar of Makhleb.
   574 | D        | Found a sparkling altar of Nemelex Xobeh.
   575 | D        | Found an iron altar of Okawaru.
   576 | D        | Found a stormy altar of Qazlal.
   577 | D        | Found a sacrificial altar of Ru.
   578 | D        | Found a shimmering blue altar of Sif Muna.
   579 | D        | Found a bloodstained altar of Trog.
   580 | D        | Found a hide-covered altar of Uskayaw.
   581 | D        | Found a radiant altar of Vehumet.
   582 | D        | Found an ornate altar of the Wu Jian Council.
   583 | D        | Found a shimmering altar of Xom.
   584 | D        | Found a basalt altar of Yredelemnul.
   585 | D        | Found a glowing silver altar of Zin.
   586 | D        | Found a glowing golden altar of the Shining One.
   651 | D        | Noticed a gargoyle
   651 | D        | Noticed an acid dragon
   651 | D        | Noticed a hornet
   651 | D        | Noticed an acid dragon
   651 | D        | Noticed a steam dragon
   702 | D        | HP: 1/33 [acid dragon (4)]
   708 | D        | Killed from afar by an acid dragon

Illustrated notes

Levels and vault maps discovered:
D:        linesprint [early_d, line_temple, items_1, d_10, items_2, lair_1,
          lair_end, items_3, orc_1, orc_end, items_4, d_15, swamp_1, shoals_1,
          snake_1, spider_1, d_20, vaults_1, items_5, swamp_end, shoals_end,
          snake_end, spider_end, vaults_end, d_27, items_6, zot_1, zot_end,
          crypt_end, forest_end, elf_end, slime_end, tomb_end, abyss_end,
          pan_hell_end]

Skill      XL: |  1  2  3  4 |
---------------+-------------+-----
Summonings     | 5 6 7 |  7.7
Dodging        | 2 |  2.7
Stealth        | 2 |  2.1
Spellcasting   | 2 3 4 |  4.1
Unarmed Combat | 1 |  1.7
Fighting       | |  0.4
Axes           | |  0.4

Action                     |  1- 3 |  4- 6 || total
---------------------------+-------+-------++-------
  Melee: Unarmed           |    14 |     4 ||    18
         War axe           |       |     5 ||     5
   Cast: Summon Small Mamm |    18 |     8 ||    26
  Evoke: Wand              |       |     1 ||     1
    Use: Potion            |     2 |     5 ||     7
         Scroll            |     1 |     1 ||     2
 Armour: Robe              |       |     1 ||     1
  Dodge: Dodged            |    14 |     6 ||    20

Table legend: (Time is in decaauts)
 A = Elapsed time spent in this place.
 B = Non-inter-level travel time spent in this place.
 C = Inter-level travel time spent in this place.
 D = Time resting spent in this place.
 E = Time spent auto-exploring this place.
 F = Levels seen in this place.
 G = Mean time per level.
                   A        B        C        D        E       F      G
               +--------+--------+--------+--------+--------+-----+--------+
         Total |    718 |    718 |      0 |    435 |      0 |   1 |  718.0 |
       Dungeon |    718 |    718 |      0 |    435 |      0 |   1 |  718.0 |
               +--------+--------+--------+--------+--------+-----+--------+

Top non-repeatable levels by time:
       D: 718 daAuts
